 Dungeon Crawl Stone Soup version 0.26-a0-774-g1415c89e12 (webtiles) character file.

Game seed: 4081535823201592795

946 Chiseanne the Magician (level 7, -12/46 HPs)
             Began as a Demonspawn Hedge Wizard on Nov 9, 2020.
             Mangled by a centaur
             ... wielding a +0 lajatang
              (14 damage)
             ... on level 5 of the Dungeon.
             The game lasted 00:11:32 (7460 turns).

Chiseanne the Magician (Demonspawn Hedge Wizard)    Turns: 7460, Time: 00:11:33

Health: -12/46     AC: 13    Str: 10    XL:     7   Next: 89%
Magic:  10/16      EV: 17    Int: 17    God:
Gold:   185        SH:  0    Dex: 13    Spells: 13/19 levels left

rFire    + . .     SeeInvis .   a - +1 short sword (protect)
rCold    . . .     Faith    .   (no shield)
rNeg     . . .     Spirit   .   b - +0 robe
rPois    +         Reflect  .   y - +0 helmet
rElec    .         Harm     .   p - +0 cloak
rCorr    .         Rampage  .   j - +0 pair of gloves
MR       .....                  x - +0 pair of boots
Stlth    ++........             (no amulet)
HPRegen  0.15/turn              o - ring of poison resistance
MPRegen  0.15/turn              (no ring)

@: agile, protection aura
A: hooves 1, fire resistance 1, powered by pain 1
a: no special abilities


You were on level 5 of the Dungeon.
You visited 1 branch of the dungeon, and saw 5 of its levels.

You collected 185 gold pieces.

Inventory:

Hand Weapons
 a - a +1 short sword of protection (weapon)
 s - a +3 quarterstaff of chaos
 w - the +7 hand crossbow of the Reaper {flame, rC+}
   (You found it on level 4 of the Dungeon)

   It causes projectiles fired from it to burn those they strike, causing extra
   injury to most foes and up to half again as much damage against particularly
   susceptible opponents.
   It protects you from cold.
 C - a +1 halberd of holy wrath
Missiles
 e - 27 bolts
 h - 26 sling bullets
 k - 35 arrows
Armour
 b - a +0 robe (worn)
 j - a +0 pair of gloves (worn)
 p - a +0 cloak (worn)
 x - a +0 pair of boots (worn)
 y - a +0 helmet (worn)
Jewellery
 o - a ring of poison resistance (left hand)
Wands
 i - a wand of flame (19)
Scrolls
 g - 3 scrolls of remove curse
 q - a scroll of immolation
 t - 2 scrolls of amnesia
 v - a scroll of blinking
Potions
 d - a potion of cancellation {unknown}
 f - a potion of heal wounds {unknown}
 l - 2 potions of ambrosia
 m - 4 potions of flight
 n - 2 potions of curing
 r - a potion of berserk rage {unknown}
 u - 2 potions of degeneration {unknown}
 z - a potion of haste
 A - a potion of mutation {unknown}
 B - a potion of invisibility {unknown}


   Skills:
 - Level 1.7 Dodging
 - Level 1.7 Stealth
 * Level 6.5 Spellcasting
 * Level 6.4 Conjurations
   Level 1.0 Summonings
 - Level 0.8 Translocations


You had 13 spell levels left.
You knew the following spells:

 Your Spells              Type           Power        Failure   Level
a - Magic Dart            Conj           ####         1%          1
b - Blink                 Tloc           N/A          13%         2
d - Mephitic Cloud        Conj/Pois/Air  ##......     16%         3

Your spell library contained the following spells:

 Spells                   Type           Power        Failure   Level
 Conjure Flame            Conj/Fire      ###.....     10%         3
 Call Imp                 Summ           #.......     12%         2
 Slow                     Hex            #.......     19%         2


Dungeon Overview and Level Annotations

Branches:
Dungeon (5/15)
 Temple: D:4-7

Altars:
Fedhas
Vehumet

Annotations:
D:3 Sigmund


Innate Abilities, Weirdness & Mutations

You have large cloven feet.
Your flesh is heat resistant. (rF+)
You sometimes gain a little power by taking damage.


Message History

The centaur is severely wounded.
The centaur misses you.
You catch the helpless centaur completely off-guard!
You hit the centaur.
The centaur is almost dead.
The centaur screams, "I'll kill you anyway!"
Casting: Magic Dart (safe; 1% risk of failure)
Confirm with . or Enter, or press ? or * to list all spells.
Aiming: Magic Dart (safe; 1% risk of failure)
Press: ? - help, Shift-Dir - straight line, f/p - centaur
Aim: a centaur, wielding a +0 lajatang, wearing the ring "Narghog" {rN++ MP+9} and quivering 14 arrows (almost dead, confused)
The magic dart hits the centaur but does no damage.
The centaur is almost dead.
The centaur closely misses you.
You barely miss the centaur.
The centaur is almost dead.
You hit the centaur but do no damage.
The centaur is almost dead.
The centaur hits you with a +0 lajatang!
You die...

#.#####.##...#.#####
#...#......>........
###.#.#.............
#.#.#.............
#.#.#.##..........
#.#.#............#
#.#.#.####..#.#.##
#.#.#.. ...#.#.##
#@#.######..#.#.##
#c#.........#.#.##
#.#########.#.#.##
#..(.(((c..(#'#...
############......
#...... #......
#...... ##+#..c


You could see a centaur (confused).

Vanquished Creatures
  Grinder (D:4)
  Duvessa (D:4)
  An ogre (D:5)
  A centaur (D:5)
  Dowan (D:4)
  Crazy Yiuf (D:2)
  An orc priest (D:4)
  Jessica (D:1)
  Natasha (thrice) (D:2)
  An iguana (D:5)
  An orc wizard (D:4)
  3 worker ants
  Robin (D:3)
  A gnoll (D:1)
  4 adders
  A white imp (D:5)
  An adder zombie (D:5)
  4 dart slugs
  3 leopard geckos
  8 orcs
  4 giant cockroaches
  15 goblins
  10 hobgoblins
  8 jackals
  7 kobolds
  A quokka (D:3)
  7 bats
  7 frilled lizards
  10 rats
108 creatures vanquished.

Vanquished Creatures (others)
  A fungus (D:2)
1 creature vanquished.

Grand Total: 109 creatures vanquished

Notes
Turn   | Place    | Note
-------+----------+-------------------------------------------
     0 | D:1      | Chiseanne the Demonspawn Hedge Wizard began the quest for
                  | the Orb.
     0 | D:1      | Reached XP level 1. HP: 13/13 MP: 4/4
   111 | D:1      | You fall into a shaft and drop 1 floor!
   112 | D:2      | Noticed Natasha
   125 | D:2      | Noticed Jessica
   137 | D:1      | Killed Jessica
   137 | D:1      | Gained mutation: You have large cloven feet. [demonic
                  | ancestry]
   137 | D:1      | Reached XP level 2. HP: 13/19 MP: 0/6
   137 | D:1      | Reached XP level 3. HP: 17/24 MP: 0/8
  1308 | D:2      | Gained mutation: You sometimes gain a little power by
                  | taking damage. [demonic ancestry]
  1308 | D:2      | Reached XP level 4. HP: 28/30 MP: 4/9
  1395 | D:2      | Found a radiant altar of Vehumet.
  1395 | D:2      | Found a blossoming altar of Fedhas.
  1405 | D:2      | Killed Natasha
  2251 | D:2      | Noticed Natasha
  2268 | D:2      | Killed Natasha
  2268 | D:2      | Gained mutation: Your flesh is heat resistant. (rF+)
                  | [demonic ancestry]
  2268 | D:2      | Reached XP level 5. HP: 8/35 MP: 1/11
  2679 | D:2      | Found a runed translucent door.
  2680 | D:2      | Noticed Crazy Yiuf
  2757 | D:2      | Noticed Natasha
  2768 | D:2      | Killed Natasha
  3446 | D:2      | Killed Crazy Yiuf
  3783 | D:3      | Noticed Sigmund
  3790 | D:3      | Learned a level 2 spell: Blink
  3794 | D:3      | Learned a level 3 spell: Mephitic Cloud
  4159 | D:3      | Noticed Robin
  4987 | D:3      | Killed Robin
  4987 | D:3      | Reached XP level 6. HP: 41/41 MP: 4/13
  5179 | D:4      | Reached skill level 5 in Spellcasting
  5579 | D:4      | Noticed Grinder
  5613 | D:4      | Killed Grinder
  5613 | D:4      | Reached skill level 5 in Conjurations
  5613 | D:4      | Reached XP level 7. HP: 20/46 MP: 0/15
  5947 | D:4      | Noticed Duvessa
  5947 | D:4      | Noticed Dowan
  5969 | D:4      | Killed Duvessa
  5974 | D:4      | Killed Dowan
  6188 | D:4      | Got an encrusted hand crossbow
  6190 | D:4      | Identified the +7 hand crossbow of the Reaper {flame, rC+}
                  | (You found it on level 4 of the Dungeon)
  6773 | D:5      | Entered Level 5 of the Dungeon
  7432 | D:5      | Identified the ring "Narghog" {rN++ MP+9}
  7454 | D:5      | HP: 1/46 [centaur/+0 lajatang (11)]
  7460 | D:5      | Mangled by a centaur

Illustrated notes

Levels and vault maps discovered:
D:1:      nzn_arrival_water_spiral, layout_basic
D:2:      layout_loops_corners, amethyst_overflow_temple_binary, uniq_natasha,
          uniq_jessica, uniq_crazy_yiuf_cottage
D:3:      layout_loops_corners, uniq_robin, uniq_sigmund
D:4:      layout_basic, corexii_shack, minmay_fountain_box, uniq_duvessa,
          uniq_grinder
D:5:      layout_basic, nicolae_dithmenos_through_a_glass_darkly

Skill      XL: |  1  2  3  4  5  6  7 |
---------------+----------------------+-----
Conjurations   | 2 3 4 5 6 |  6.4
Spellcasting   | 4 5 6 |  6.5
Dodging        | |  1.7
Stealth        | |  1.7
Summonings     | |  1.0
Translocations | |  0.8

Action                   |  1- 3 |  4- 6 |  7- 9 || total
-------------------------+-------+-------+-------++-------
Melee: Dagger            |     2 |       |       ||     2
       Short sword       |     9 |    71 |    47 ||   127
       Kick              |     3 |    10 |       ||    13
 Fire: Hand crossbow     |       |       |     4 ||     4
 Cast: Magic Dart        |    61 |   185 |    60 ||   306
       Mephitic Cloud    |       |     1 |     6 ||     7
       Blink             |       |     1 |       ||     1
  Use: Scroll            |     3 |     5 |     3 ||    11
       Potion            |       |     2 |       ||     2
 Stab: Confused          |       |       |     9 ||     9
       Sleeping          |       |       |     1 ||     1
Armor: Robe              |    14 |    37 |    12 ||    63
Dodge: Dodged            |    34 |    72 |    40 ||   146

Table legend: (Time is in decaauts)
 A = Elapsed time spent in this place.
 B = Non-inter-level travel time spent in this place.
 C = Inter-level travel time spent in this place.
 D = Time resting spent in this place.
 E = Time spent auto-exploring this place.
 F = Levels seen in this place.
 G = Mean time per level.
                   A        B        C        D        E       F      G
               +--------+--------+--------+--------+--------+-----+--------+
         Total |   7474 |   7298 |    176 |   3162 |   3178 |   5 | 1494.8 |
       Dungeon |   7474 |   7298 |    176 |   3162 |   3178 |   5 | 1494.8 |
               +--------+--------+--------+--------+--------+-----+--------+

Top non-repeatable levels by time:
     D:2: 2682 daAuts
     D:4: 1770 daAuts
     D:1: 1238 daAuts
     D:3: 1222 daAuts
     D:5: 560 daAuts
